AoeStats
← WarmGoldfish998

Arena

510344655Analyzed
1v1 RM · 1d ago on Sep 30, 2026· 39m 14s· 2 players
Game mode
Random Map
Map size
Tiny (2 player)
Population
200
Speed
Normal
Resources
Standard
Victory
Conquest
Starting age
Dark Age
Ending age
Imperial Age
RankedLock teamsTeams togetherTeam positionsShared explorationLock speedFull tech treeHidden civsTurbo modeCheats
Victory
Defeat
🇩🇰 Portuguese · Denmark
731
+14
🇪🇸 Britons · Spain
695
-14
WarmGoldfish998
4:27 Loom
10:40 Feudal Age
11:13 Double-Bit Axe
11:09 Horse Collar
18:00 Castle Age
16:10 Gold Mining
16:10 Stone Mining
22:46 Bow Saw
22:39 Heavy Plow
DK | RISKY
10:48 Feudal Age
14:36 Castle Age
12:31 Double-Bit Axe
13:13 Horse Collar
13:41 Loom
16:18 Gold Mining
19:20 Fletching
20:26 Bodkin Arrow
37:07 Imperial Age
Connection lost

Rejoining the realm…

Still unreachable

The connection could not be restored.

Session expired

The server has moved on; the page needs a fresh start.